 Dungeon Crawl Stone Soup version 0.21-a0-94-gdd6ab6a (webtiles) character file.

195 zhorgal the Cudgeler (level 5, 0/41 HPs)
             Began as a Demonspawn Berserker on July 1, 2017.
             Was a Believer of Trog.
             Slain by a quokka (1 damage)
             ... summoned by Gorglomux's ghost
             ... on level 3 of the Dungeon.
             The game lasted 00:10:39 (2191 turns).

zhorgal the Cudgeler (Demonspawn Berserker)         Turns: 2191, Time: 00:10:39

Health: 0/41       AC:  9    Str: 18    XL:     5   Next: 45%
Magic:  5/5        EV:  7    Int:  9    God:    Trog [**....]
Gold:   91         SH:  0    Dex: 12    Spells: 4/4 levels left

rFire    . . .     SeeInvis .   r - +0 flail
rCold    . . .     Gourm    .   (no shield)
rNeg     . . .     Faith    .   s - +0 chain mail
rPois    .         Spirit   .   (no helmet)
rElec    .         Reflect  .   (no cloak)
rCorr    .         Harm     .   (no gloves)
MR       .....                  h - +0 pair of boots
Stlth    ..........             (no amulet)
HPRegen  0.13/turn              (no ring)
MPRegen  0.09/turn              (no ring)

@: berserk cooldown, slowed, very slow
A: claws 2, powered by pain 1
a: Berserk, Trog's Hand, Burn Spellbooks, Renounce Religion


You were on level 3 of the Dungeon.
You worshipped Trog.
Trog was pleased with you.
You were hungry.

You visited 1 branch of the dungeon, and saw 3 of its levels.

You collected 91 gold pieces.

Inventory:

Hand Weapons
 a - a +0 mace
 r - a +0 flail (weapon)
Missiles
 p - a throwing net (quivered)
Armour
 h - a +0 pair of boots (worn)
 j - a +0 ring mail
 s - a +0 chain mail (worn)
Wands
 o - a wand of flame (16/48)
Scrolls
 g - 2 scrolls of identify {unknown}
 i - 2 scrolls of teleportation {unknown}
 k - 2 scrolls of remove curse {unknown}
 l - a scroll of enchant armour {unknown}
 m - a scroll of noise {unknown}
 n - a scroll of amnesia {unknown}
Potions
 d - a potion of mutation {unknown}
 e - a potion of berserk rage {unknown}
 q - a potion of heal wounds {unknown}
 t - a potion of flight {unknown}
Comestibles
 b - 2 chunks of flesh
 c - 4 bread rations
 f - 2 royal jellies


   Skills:
 - Level 3.0 Fighting
 + Level 5.2 Maces & Flails
 - Level 1.7 Armour
 - Level 1.7 Dodging
 + Level 1.8 Unarmed Combat


You had 4 spell levels left.
You didn't know any spells.

Dungeon Overview and Level Annotations

Branches:
Dungeon (3/15)

Altars:

Annotations:
D:3 Gorglomux's ghost, amateur DgSu


Innate Abilities, Weirdness & Mutations

You have very sharp fingernails.
You sometimes gain a little power by taking damage.


Message History

You are no longer berserk.
You are exhausted.
You feel yourself slow down. The goblin hits you but does no damage.
The quokka bites you but does no damage.
The goblin hits you but does no damage. The orc hits you with a dagger.
Gorglomux's ghost hits you.
You now have 15/41 hp.
You barely miss Gorglomux's ghost. The quokka barely misses you.
The goblin hits you but does no damage. x2
The orc hits you but does no damage.
Gorglomux's ghost hits you but does no damage.
The quokka bites you but does no damage.
The goblin hits you. The goblin hits you but does no damage.
The orc barely misses you.
Gorglomux's ghost hits you but does no damage.
You are electrocuted!
* * * LOW HITPOINT WARNING * * *
You take 14 damage, and have 1/41 hp.
MASSIVE DAMAGE!!
You sock Gorglomux's ghost! The quokka bites you.
You die...

.# . # .## #..
#. ..#....
#.###..#.#>.
#(..<.......
#........###
#..##.#.#.###.#
.....borWr....#
#...###@#.###.#
.....ggg....#
##++#.#..$#.#
...#.[..... P..
#.<.###.# ..$..
#.... .# .P..
#...## ....
.....


You could see Gorglomux's ghost, an orc, a quokka, 3 goblins, a bat and a rat.

Vanquished Creatures
  A scorpion (D:2)
  Jessica (D:2)
  Terence (D:2)
  2 adders (D:2)
  An ooze (D:1)
  2 worms (D:2)
  A dart slug (D:2)
  A leopard gecko (D:1)
  6 bats
  4 giant cockroaches
  9 goblins
  7 hobgoblins
  5 jackals (D:1)
  2 quokkas (D:2)
  2 ball pythons (D:1)
  6 frilled lizards
  7 kobolds
  4 rats
62 creatures vanquished.

Notes
Turn   | Place    | Note
-------+----------+-------------------------------------------
     0 | D:1      | zhorgal the Demonspawn Berserker began the quest for the Orb.
     0 | D:1      | Reached XP level 1. HP: 18/18 MP: 1/1
    15 | D:1      | Reached skill level 3 in Maces & Flails
   175 | D:1      | Gained mutation: You sometimes gain a little power by taking damage. [demonic ancestry]
   175 | D:1      | Reached XP level 2. HP: 21/24 MP: 2/2
   549 | D:1      | Reached ** piety under Trog
   549 | D:1      | Reached XP level 3. HP: 29/29 MP: 3/3
   707 | D:1      | Reached skill level 4 in Maces & Flails
  1089 | D:2      | Noticed Jessica
  1097 | D:2      | Killed Jessica
  1097 | D:2      | Gained mutation: You have sharp fingernails. [demonic ancestry]
  1097 | D:2      | Reached XP level 4. HP: 22/35 MP: 4/4
  1389 | D:2      | Noticed Terence
  1403 | D:2      | Killed Terence
  1807 | D:2      | Reached skill level 5 in Maces & Flails
  1807 | D:2      | Reached skill level 1 in Unarmed Combat
  1822 | D:2      | Gained mutation: You have very sharp fingernails. [demonic ancestry]
  1822 | D:2      | Reached XP level 5. HP: 9/41 MP: 5/5
  2173 | D:3      | Noticed Gorglomux's ghost (amateur DgSu)
  2190 | D:3      | HP: 1/41 [Gorglomux's ghost (14)]
  2191 | D:3      | Slain by a quokka

Vault maps used:
D:1:      dpeg_arrival_refuge, serial_forest, infiniplex_forest_clump_double,
          infiniplex_forest_clump_double, infiniplex_forest_corner_1,
          infiniplex_forest_pool, infiniplex_forest_lined_1,
          infiniplex_forest_lined_1, infiniplex_forest_zigzag_1, minmay_vboxes
D:2:      first_bread, uniq_jessica, uniq_terence
D:3:      cheibrodos_old_hovel, minmay_box_of_dots

Skill      XL: |  1  2  3  4 |
---------------+-------------+-----
Maces & Flails | 3 4 5 |  5.2
Unarmed Combat | 1 |  1.8
Fighting       | |  3.0
Armour         | |  1.7
Dodging        | |  1.7

Action                   |  1- 3 |  4- 6 || total
-------------------------+-------+-------++-------
Melee: Mace              |   127 |    33 ||   160
       Flail             |       |    53 ||    53
Invok: Berserk           |       |     3 ||     3
       Trog's Hand       |       |     1 ||     1
  Eat: Chunk             |     1 |     6 ||     7
Armor: Animal skin       |     3 |       ||     3
       Ring mail         |    43 |    14 ||    57
       Chain mail        |       |    46 ||    46
Dodge: Dodged            |    92 |    46 ||   138
